 Dungeon Crawl Stone Soup version 0.28-a0-503-g83f2989fac (webtiles) character file.

Game seed: 2055468820793384686

130 meatgazer the Skirmisher (level 4, -8/37 HPs)
             Began as a Demonspawn Abyssal Knight on Sept 15, 2021.
             Was a Believer of Lugonu.
             Blown up by Ijyb (22 damage)
             ... with a mindburst bolt
             ... on level 3 of the Dungeon on Sept 20, 2021.
             The game lasted 00:08:31 (3615 turns).

meatgazer the Skirmisher (DsAK)                     Turns: 3615, Time: 00:08:32

Health: -8/37      AC:  6    Str: 13    XL:     4   Next: 89%
Magic:  0/6        EV: 11    Int: 14    God:    Lugonu [**....]
Gold:   89         SH:  0    Dex: 12    Spells: 3/3 levels left

rFire   . . .      SeeInvis .   a - +1 spear
rCold   . . .      Faith    .   (no shield)
rNeg    . . .      Spirit   +   b - +0 leather armour
rPois   +          Reflect  .   (no helmet)
rElec   .          Harm     .   (no cloak)
rCorr   .          Rampage  .   n - +1 pair of gloves
Will    .....                   s - +0 pair of boots
Stlth   +.........              j - amulet of guardian spirit
HPRegen 0.12/turn               r - ring of poison resistance
MPRegen 0.10/turn               (no ring)

@: mighty
A: powered by death 1, powered by pain 1
a: Renounce Religion, Depart the Abyss, Bend Space


You were on level 3 of the Dungeon.
You worshipped Lugonu.
Lugonu was pleased with you.
You visited 1 branch of the dungeon, and saw 3 of its levels.
You visited the Abyss 1 time.

You collected 89 gold pieces.

Inventory:

Hand Weapons
 a - a +1 spear (weapon)
Armour
 b - a +0 leather armour (worn)
 e - a +0 pair of boots
 n - a +1 pair of gloves (worn)
 s - a +0 pair of boots (worn)
Magical Staves
 g - a staff of death
Jewellery
 j - an amulet of guardian spirit (around neck)
 r - a ring of poison resistance (left hand)
Wands
 c - a wand of mindburst (16)
 f - a wand of iceblast (6)
 p - a wand of paralysis (6)
Scrolls
 i - 3 scrolls of teleportation
 l - a scroll of immolation
 q - 2 scrolls of identify {unknown}
Potions
 d - a potion of magic {unknown}
 h - a potion of heal wounds {unknown}
 k - a potion of degeneration {unknown}
 m - a potion of brilliance {unknown}
 o - a potion of curing {unknown}


   Skills:
 + Level 4.2 Fighting
 + Level 2.8 Polearms
 - Level 2.0 Armour
 - Level 1.3 Dodging
 * Level 3.7 Invocations


You had 3 spell levels left.
You didn't know any spells.
Your spell library was empty.

Dungeon Overview and Level Annotations

Branches:
Dungeon (3/15)

Altars:
Hepliaklqana

Annotations:
D:3 Ijyb


Innate Abilities, Weirdness & Mutations

You regenerate a little health from kills.
You sometimes gain a little power by taking damage.


Message History

As you open the door, it creaks loudly!
There is an open door here.
You open the door.
There is an open door here.
A rat comes into view.
A rat is nearby!
You reach to attack!
The helpless rat fails to defend itself.
You hit the rat.
You kill the rat!
Lugonu accepts your kill.
No target in view!
You see here a rat corpse.
A rat comes into view.
Found a stone staircase leading down.
You hit the rat.
You kill the rat!
Lugonu accepts your kill.
No target in view!
You see here a ball python skeleton.
Ijyb the Twisted Goblin comes into view.
She is wielding a +0 dagger, wearing a +2 leather armour of cold resistance and carrying a wand of mindburst (17).
Found a notched agate ring.
Ijyb shouts!
You hear an angry hiss.
Okay, then.
Okay, then.
Ijyb zaps a wand.
Your mind is blasted!
Ouch! That really hurt!
You focus on the pain.
You feel very mighty all of a sudden.
You are too injured to fight recklessly!
Ijyb hits you but does no damage.
You closely miss Ijyb. Ijyb hits you with a +0 dagger.
You hit Ijyb.
Ijyb is lightly wounded.
Ijyb hits you but does no damage.
You hit Ijyb.
Ijyb is lightly wounded.
Ijyb zaps a wand.
Your mind is blasted!
Ouch! That really hurt!
You die...

#.##.)........# #..#.#..#######
##.............# ##.#.#..#
#...#..........# #.#....#
#.#............# ##..##.#P.P
#.###.#........# #........P....
#.....#........###.##.##.#P.PPP
###########.##.....##.....P...
#..+.....###...#PPPPP
####..@..# .... .. #...g.# #..#
P #.....# ... #.......
#...=#### ### #....# ..# #.####
#.# #. #.#


You could see Ijyb.

Vanquished Creatures
  2 gnolls (D:3)
  4 adders
  A worm (D:3)
  2 dart slugs
  4 orcs (D:3)
  4 bats
  6 endoplasms
  2 giant cockroaches
  5 goblins
  4 hobgoblins
  6 jackals (D:3)
  5 quokkas
  7 ball pythons
  2 frilled lizards (D:1)
  3 kobolds
  6 rats
63 creatures vanquished.

Notes
Turn   | Place    | Note
-------+----------+-------------------------------------------
     0 | Abyss:1  | meatgazer the Demonspawn Abyssal Knight began the quest for
                  | the Orb.
     0 | Abyss:1  | Reached XP level 1. HP: 18/18 MP: 2/2
    70 | Abyss:1  | Found a corrupted altar of Lugonu.
    81 | Abyss:1  | Found a corrupted altar of Lugonu.
   123 | Abyss:1  | Noticed a nagaraja zombie
   124 | Abyss:2  | Found a corrupted altar of Lugonu.
   137 | Abyss:2  | Found a sparkling altar of Nemelex Xobeh.
   138 | Abyss:2  | Noticed a glowing orange brain
   141 | D:1      | Escaped the Abyss
   210 | D:1      | Reached skill level 1 in Dodging
   299 | D:1      | Upgraded the game from 0.28-a0-474-g535839065c to
                  | 0.28-a0-503-g83f2989fac
   310 | D:1      | Reached * piety under Lugonu
   347 | D:1      | Gained mutation: You regenerate a little health from kills.
                  | [demonic ancestry]
   347 | D:1      | Reached XP level 2. HP: 14/24 MP: 3/3
  1522 | D:2      | Gained mutation: You sometimes gain a little power by
                  | taking damage. [demonic ancestry]
  1522 | D:2      | Reached XP level 3. HP: 30/30 MP: 4/4
  1803 | D:2      | Found a hazy altar of Hepliaklqana.
  2890 | D:3      | Reached ** piety under Lugonu
  2891 | D:3      | Reached skill level 4 in Fighting
  2891 | D:3      | Reached XP level 4. HP: 24/37 MP: 2/6
  3069 | D:3      | Paralysed by a gnoll for 5 turns
  3609 | D:3      | Noticed Ijyb
  3615 | D:3      | Blown up by Ijyb

Illustrated notes

Levels and vault maps discovered:
D:1:      zelgadis_glass_arrival_small, layout_basic, grunt_decor_cap
D:2:      layout_basic, basic_altar
D:3:      layout_basic, minmay_hedge_maze, uniq_ijyb, uniq_jessica

Skill      XL: |  1  2  3  4 |
---------------+-------------+-----
Dodging        | 1 |  1.3
Polearms       | 2 |  2.8
Armour         | 2 |  2.0
Fighting       | 4 |  4.2
Invocations    | 3 |  3.7

Action                   |  1- 3 |  4- 6 || total
-------------------------+-------+-------++-------
Melee: Spear             |   143 |   104 ||   247
Invok: Depart the Abyss  |     1 |       ||     1
  Use: Scroll            |     5 |     1 ||     6
 Stab: Sleeping          |       |     1 ||     1
Armor: Leather armour    |    25 |    37 ||    62
Dodge: Dodged            |    60 |    41 ||   101

Table legend: (Time is in decaauts)
 A = Elapsed time spent in this place.
 B = Non-inter-level travel time spent in this place.
 C = Inter-level travel time spent in this place.
 D = Time resting spent in this place.
 E = Time spent auto-exploring this place.
 F = Levels seen in this place.
 G = Mean time per level.
                   A        B        C        D        E       F      G
               +--------+--------+--------+--------+--------+-----+--------+
         Total |   3610 |   3512 |     98 |   1209 |   1813 |   5 |  722.0 |
       Dungeon |   3469 |   3371 |     98 |   1209 |   1698 |   3 | 1156.3 |
         Abyss |    141 |    141 |      0 |      0 |    115 |   2 |   70.5 |
               +--------+--------+--------+--------+--------+-----+--------+

Top non-repeatable levels by time:
     D:1: 1313 daAuts
     D:2: 1310 daAuts
     D:3: 845 daAuts
 Abyss:1: 124 daAuts
 Abyss:2: 16 daAuts
